 Dungeon Crawl Stone Soup version 0.21.1-1-g345015f (webtiles) character file.

205 Omega the Bolt Thrower (level 6, -2/41 HPs)
             Began as a Halfling Hunter on July 1, 2018.
             Slain by Sigmund
             ... wielding a +1 scythe of venom
              (5 damage)
             ... on level 3 of the Dungeon.
             The game lasted 00:06:55 (1836 turns).

Omega the Bolt Thrower (Halfling Hunter)            Turns: 1836, Time: 00:06:55

Health: -2/41      AC:  3    Str: 13    XL:     6   Next: 9%
Magic:  6/6        EV: 15    Int:  9    God:
Gold:   148        SH:  0    Dex: 17    Spells: 5/5 levels left

rFire    . . .     SeeInvis .   a - +1 hand crossbow
rCold    . . .     Gourm    .   (shield restricted)
rNeg     . . .     Faith    .   c - +0 leather armour
rPois    .         Spirit   .   (no helmet)
rElec    .         Reflect  .   (no cloak)
rCorr    .         Harm     .   (no gloves)
MR       .....                  (no boots)
Stlth    +.........             (no amulet)
HPRegen  0.13/turn              (no ring)
MPRegen  0.10/turn              (no ring)

@: confused, lethally poisoned (-2 -> -19)
A: small, mutation resistance 1
a: no special abilities


You were on level 3 of the Dungeon.
You were not hungry.

You visited 1 branch of the dungeon, and saw 3 of its levels.

You collected 148 gold pieces.

Inventory:

Hand Weapons
 a - a +1 hand crossbow (weapon)
 b - a +0 short sword
Missiles
 d - 18 bolts (quivered)
Armour
 c - a +0 leather armour (worn)
Jewellery
 i - an uncursed ring of magical power {unknown}
 o - an uncursed ring of resist corrosion {unknown}
Scrolls
 g - a scroll of remove curse {unknown}
 h - a scroll of teleportation {unknown}
 k - 4 scrolls of identify {unknown}
 l - a scroll of enchant weapon {unknown}
 n - a scroll of amnesia {unknown}
Potions
 e - a potion of brilliance {unknown}
 j - 3 potions of flight {unknown}
 m - a potion of degeneration {unknown}
Comestibles
 f - a ration


   Skills:
 + Level 2.4 Fighting
 * Level 6.7 Crossbows
 + Level 0.8 Armour
 + Level 2.4 Dodging
 * Level 2.2 Stealth


You had 5 spell levels left.
You didn't know any spells.

Dungeon Overview and Level Annotations

Branches:
Dungeon (3/15)

Altars:
Elyvilon
Yredelemnul

Annotations:
D:3 Sigmund


Innate Abilities, Weirdness & Mutations

You are small and have problems with some larger weapons.
You are somewhat resistant to further mutation.


Message History

You hear some strange, mumbled words.
You are confused.
A gnoll comes into view. It is wielding a halberd.
Firing (i - inventory):
d - 20 bolts (quivered)
Press: ? - help, Shift-Dir - straight line, f/p - gnoll
Aim: a gnoll, wielding a spear (almost dead)
You shoot a bolt.
* * * LOW HITPOINT WARNING * * *
You feel sick. Something hits you.
* * * LOW HITPOINT WARNING * * *
You are more poisoned.
The gnoll hits you but does no damage.
Firing (i - inventory):
d - 19 bolts (quivered)
Press: ? - help, Shift-Dir - straight line, f/p - gnoll
Aim: a gnoll, wielding a spear (almost dead)
You shoot a bolt. The bolt hits the gnoll.
You kill the gnoll!
* * * LOW HITPOINT WARNING * * *
You feel sick. Something hits you.
You die...

.....##
......#
......+
......#
..(.(#
.().#
#####{..##
##...@....#
#<......#.#
#..####g#
#..# g#
#..# . ....
g. ##....
.# #.... ..
######


You could see 3 gnolls.

Vanquished Creatures
  Crazy Yiuf (D:2)
  Jessica (D:2)
  Natasha (twice) (D:2)
  A gnoll (D:3)
  3 adders (D:2)
  An ooze (D:1)
  2 worms (D:2)
  2 dart slugs (D:1)
  3 leopard geckos
  A ball python (D:1)
  6 bats
  3 giant cockroaches
  6 goblins
  7 hobgoblins
  A quokka (D:3)
  2 frilled lizards
  6 kobolds
  3 rats
  A fungus (D:2)
52 creatures vanquished.

Vanquished Creatures (others)
  A fungus (D:2)
1 creature vanquished.

Grand Total: 53 creatures vanquished

Notes
Turn   | Place    | Note
-------+----------+-------------------------------------------
     0 | D:1      | Omega the Halfling Hunter began the quest for the Orb.
     0 | D:1      | Reached XP level 1. HP: 14/14 MP: 1/1
   138 | D:1      | Reached XP level 2. HP: 19/19 MP: 2/2
   202 | D:1      | Reached skill level 5 in Crossbows
   354 | D:1      | Reached XP level 3. HP: 24/24 MP: 3/3
   845 | D:2      | Reached XP level 4. HP: 29/29 MP: 4/4
   909 | D:2      | Found a basalt altar of Yredelemnul.
   999 | D:2      | Found a white marble altar of Elyvilon.
  1157 | D:2      | Noticed Jessica
  1160 | D:2      | Killed Jessica
  1248 | D:2      | Reached XP level 5. HP: 34/34 MP: 5/5
  1274 | D:2      | Noticed Natasha
  1279 | D:2      | Killed Natasha
  1279 | D:2      | Reached skill level 6 in Crossbows
  1351 | D:2      | Found a runed door.
  1650 | D:2      | Noticed Crazy Yiuf
  1653 | D:2      | Killed Crazy Yiuf
  1757 | D:2      | Noticed Natasha
  1766 | D:2      | Killed Natasha
  1766 | D:2      | Reached XP level 6. HP: 30/41 MP: 6/6
  1825 | D:3      | Noticed Sigmund
  1836 | D:3      | Slain by Sigmund

Skill      XL: |  1  2  3  4  5 |
---------------+----------------+-----
Crossbows      | 5 6 |  6.7
Fighting       | 2 |  2.4
Stealth        | 2 |  2.2
Armour         | |  0.8
Dodging        | |  2.4

Action                   |  1- 3 |  4- 6 || total
-------------------------+-------+-------++-------
Melee: Hand crossbow     |       |     2 ||     2
 Fire: Hand crossbow     |    62 |    70 ||   132
  Eat: Ration            |       |     1 ||     1
Armor: Leather armour    |     3 |     4 ||     7
Dodge: Dodged            |     9 |    14 ||    23
